Map: Blackpink LE

Players

llIllllIllll - Winner!

  • Race: Protoss Protoss
  • League: Master
  • Spawn Location: 1:00

McFazli

  • Race: Zerg Zerg
  • League: Diamond
  • Spawn Location: 7:00

VOD

Have the link to the VOD?

Description

Time

  • Played on: Dec. 7, 2017, 1:16 p.m.
  • Length: 14:00
Show
View Real Time Build Order
Export as new Build Order

llIllllIllll Protoss - Winner!

Build Orders:  

Get SALT Encoding   

  12  0:00  Probe (Chrono Boost)  
  13  0:12  Probe (Chrono Boost)  
  14  0:17  Probe (Chrono Boost)  
  15  0:22  Pylon  
  15  0:40  Probe  
  16  0:45  Forge  
  16  0:52  Probe  
  17  1:04  Probe  
  18  1:16  Probe  
  18  1:18  Gateway  
  19  1:19  Photon Cannon  
  19  1:22  Pylon  
  19  1:37  Pylon  
  19  1:39  Probe  
  20  1:51  Probe  
  21  2:00  Photon Cannon  
  21  2:04  Photon Cannon  
  21  2:10  Pylon  
  22  2:15  Probe  
  22  2:16  Pylon  
  22  2:22  Photon Cannon  
  22  2:27  Probe  
  23  2:44  Probe  
  23  2:47  Assimilator  
  23  2:49  Assimilator  
  23  2:53  Photon Cannon  
  23  2:56  Probe  
  24  3:12  Nexus  
  24  3:18  Probe  
  25  3:25  Cybernetics Core  
  25  3:31  Pylon, Probe  
  26  3:35  Photon Cannon  
  26  3:55  Photon Cannon  
  26  4:01  Stargate  
  26  4:11  Stargate  
  26  4:34  Probe  
  27  4:46  Probe  
  31  4:54  Assimilator  
  31  4:58  Probe, Photon Cannon  
  32  5:00  Void Ray (Chrono Boost)  
  36  5:12  Probe  
  37  5:14  Void Ray (Chrono Boost)  
  37  5:24  Probe  
  38  5:28  Assimilator  
  38  5:29  Void Ray (Chrono Boost)  
  42  5:36  Probe  
  43  5:48  Probe  
  48  6:00  Probe, Void Ray (Chrono Boost)  
  49  6:06  Void Ray (Chrono Boost)  
  53  6:12  Probe  
  55  6:25  Probe  
  55  6:37  Probe  
  56  6:58  Void Ray  
  60  7:01  Photon Cannon  
  60  7:04  Pylon  
  60  7:08  Stargate  
  60  7:11  Probe (Chrono Boost)  
  60  7:16  Pylon, Photon Cannon  
  60  7:21  Probe (Chrono Boost), Void Ray  
  60  7:22  Pylon  
  65  7:25  Probe (Chrono Boost)  
  66  7:33  Probe (Chrono Boost)  
  72  8:22  Oracle (Chrono Boost)  
  72  8:29  Nexus  
  72  8:31  Oracle x2 (Chrono Boost)  
  72  8:32  Probe  
  73  8:44  Probe  
  74  8:54  Oracle (Chrono Boost)  
  77  8:55  Pylon  
  77  8:56  Probe  
  84  9:04  Oracle (Chrono Boost)  
  84  9:11  Oracle (Chrono Boost)  
  87  9:27  Oracle  
  74  9:47  Oracle (Chrono Boost)  
  66  9:57  Probe (Chrono Boost)  
  68  10:07  Probe (Chrono Boost)  
  68  10:11  Probe  
  75  10:25  Probe  
  75  10:26  Probe  
  75  10:27  Oracle x3, Probe  
  81  10:37  Probe  
  81  10:38  Probe  
  81  10:39  Probe  
  81  10:51  Probe  
  63  11:03  Probe (Chrono Boost)  
  70  11:07  Assimilator  
  70  11:10  Oracle x3 (Chrono Boost), Assimilator  
  74  11:14  Probe x2 (Chrono Boost)  
  76  11:24  Probe x2 (Chrono Boost)  
  77  11:28  Probe  
  77  11:29  Probe  
  88  11:41  Pylon, Probe  
  88  11:42  Oracle x2  
  88  11:43  Oracle, Pylon  
  95  12:25  Oracle  
  77  12:55  Probe  
  77  12:57  Probe  
  79  12:59  Probe  
  80  13:07  Probe  
  81  13:11  Probe  
  81  13:19  Probe  
Show
View Real Time Build Order
Export as new Build Order

McFazli Zerg 

Build Orders: Pool First 

Get SALT Encoding   

  12  0:01  Drone  
  13  0:13  Overlord  
  13  0:18  Drone  
  14  0:32  Drone x2  
  16  0:36  Drone  
  17  0:47  Spawning Pool  
  16  0:52  Extractor  
  15  1:11  Hatchery  
  15  1:17  Drone  
  15  1:19  Drone  
  15  1:24  Drone  
  17  1:29  Drone  
  18  1:40  Drone  
  18  1:46  Queen  
  21  1:50  Zergling x2  
  22  1:59  Metabolic Boost  
  22  2:08  Overlord  
  22  2:39  Hatchery  
  20  2:44  Spine Crawler  
  20  2:48  Spine Crawler  
  20  2:49  Spine Crawler  
  20  2:51  Queen  
  20  2:58  Zergling x4  
  24  3:13  Drone  
  24  3:14  Drone  
  24  3:33  Queen  
  26  3:37  Drone x4  
  26  3:40  Overlord  
  30  4:02  Hatchery  
  29  4:04  Drone x2  
  31  4:14  Drone  
  31  4:15  Drone x3  
  35  4:24  Evolution Chamber  
  35  4:25  Evolution Chamber  
  35  4:30  Drone x2  
  35  4:32  Drone  
  35  4:37  Drone  
  37  4:51  Drone x3  
  37  4:52  Drone x2  
  42  4:59  Drone  
  43  5:00  Extractor  
  42  5:08  Spore Crawler x2  
  40  5:15  Drone x3  
  40  5:16  Spore Crawler  
  42  5:24  Drone  
  42  5:25  Drone x3  
  42  5:27  Zerg Ground Armor Level 1  
  46  5:28  Drone  
  46  5:29  Drone x3  
  50  5:38  Overlord  
  50  5:39  Overlord  
  50  5:46  Extractor x2  
  50  5:47  Drone x2  
  50  5:50  Zerg Melee Weapons Level 1  
  50  5:56  Overlord x2  
  50  6:04  Lair  
  50  6:08  Drone  
  50  6:09  Drone x3  
  54  6:16  Queen  
  56  6:27  Zergling x4  
  56  6:30  Spore Crawler x2  
  53  6:52  Queen  
  55  7:04  Hydralisk Den  
  55  7:08  Overlord x2  
  54  7:13  Hatchery  
  53  7:24  Drone x7  
  53  7:27  Zerg Missile Weapons Level 1  
  60  7:34  Hydralisk x9  
  78  7:37  Hydralisk  
  76  7:51  Hydralisk x4  
  77  8:07  Hydralisk x3  
  83  8:19  Hydralisk Den  
  82  8:29  Zergling x2  
  82  8:30  Hatchery  
  81  8:51  Hatchery  
  81  8:54  Hydralisk  
  82  8:58  Overlord x2, Muscular Augments  
  82  8:59  Overlord x2  
  82  9:18  Hydralisk  
  82  9:19  Hydralisk x6  
  94  9:37  Hydralisk x4  
  67  9:53  Hydralisk x5  
  75  10:03  Drone x2  
  77  10:16  Zerg Missile Weapons Level 2  
  77  10:18  Infestation Pit  
  76  10:26  Drone x2  
  76  10:27  Hatchery  
  73  10:43  Zergling x10  
  73  10:44  Zergling x2  
  68  11:03  Pneumatized Carapace  
  68  11:05  Hydralisk x3  
  74  11:21  Hive  
  74  11:22  Hydralisk  
  76  11:39  Zergling x2  
  83  11:40  Zergling x14  
  80  11:55  Zergling x4  
  80  11:56  Zergling x2  
  83  12:03  Drone  
  83  12:04  Drone x2  
  86  12:09  Hydralisk  
  78  12:26  Queen  
  52  12:41  Hydralisk x5  
  54  12:58  Hydralisk  
Tags
 
Add a new tag
Caveats
  • Supply blocks, unpowered buildings, or Contaminate may cause inaccurate times.
  • Supply counts are checked every 10 seconds.